 Dungeon Crawl Stone Soup version 0.16-a0-3667-g690a316 (webtiles) character file.

120099 araganzar the Bludgeoner (level 16, -8/134 HPs)
             Began as a Bearkin Skald on Jan 23, 2015.
             Was the Champion of Okawaru.
             Shot with a bolt by a yaktaur captain (36 damage)
             ... on level 1 of the Depths.
             The game lasted 02:30:55 (37340 turns).

araganzar the Bludgeoner (Bearkin Skald)           Turns: 37340, Time: 02:30:55

Health: -8/134     AC: 20    Str: 14    XL:     16   Next: 29%
Magic:  36/38      EV: 12    Int: 17    God:    Okawaru [******]
Gold:   1358       SH:  0    Dex: 11    Spells: 10 memorised, 4 levels left

rFire  . . .     SeeInvis .     a - +2 eveningstar (protect)
rCold  + + .     Clarity  .     y - +5 robe of Biagun {+Blink MP+9 Str-6}
rNeg   . . .     SustAb   .     (no shield)
rPois  .         Gourm    .     E - +1 hat
rElec  .         Spirit   .     T - +0 cloak of the Invisible Hand {rC+ MR+}
rCorr  +         Warding  .     (no gloves)
rMut   .         Stasis   .     (no boots)
MR     ++...                    G - amulet of resist corrosion
Stlth  +.........               u - +3 ring of protection
                                K - +5 ring of slaying

@: very slightly contaminated, repel missiles, invisible, very resistant to
hostile enchantments, very unstealthy
A: claws 2, fangs 1, repulsion field 1, regeneration 1, robust 1, shaggy fur 3,
hind claws 3, cornered berserk
a: Cornered Berserk, Heroism, Finesse, Renounce Religion, Evoke Blink


You were on level 1 of the Depths.
You worshipped Okawaru.
Okawaru was exalted by your worship.
You were very hungry.

You visited 5 branches of the dungeon, and saw 29 of its levels.
You also visited: Ice Cave.

You collected 3372 gold pieces.
You spent 2014 gold pieces at shops.

Inventory:

Hand weapons
 a - a +2 eveningstar of protection (weapon)
Missiles
 n - 6 curare-tipped needles
 p - 28 large rocks (quivered)
 q - 2 throwing nets
Armour
 o - the +5 shield "Hinicvett" {Stlth++}
   (Okawaru gifted it to you on level 12 of the Dungeon)

   It makes you much more stealthy.
 y - the +5 robe of Biagun (worn) {+Blink MP+9 Str-6}
   (You found it on level 7 of the Lair of Beasts)

   It affects your strength (-6).
   It affects your magic capacity (+9).
   It lets you blink.
 E - a +1 hat (worn)
 T - the +0 cloak of the Invisible Hand (worn) {rC+ MR+}
   (You bought it in a shop on level 12 of the Dungeon)

   It protects you from cold.
   It affects your resistance to hostile enchantments.
Rods
 H - a +7 rod of clouds (15/17)
   (You found it on level 10 of the Dungeon)
 J - a +4 rod of the swarm (9/9)
   (You found it on level 11 of the Dungeon)
Jewellery
 s - an uncursed ring of teleportation
 u - a +3 ring of protection (right claw)
 v - an uncursed ring of wizardry
 z - an uncursed ring of see invisible
 G - an amulet of resist corrosion (around neck)
 K - a +5 ring of slaying (left claw)
 W - an uncursed ring of protection from cold
 Z - an uncursed ring of protection from magic
Magical devices
 t - a wand of draining (9)
 B - a wand of draining (2)
 Q - a wand of disintegration (12)
 X - a wand of digging (11)
Scrolls
 w - 4 scrolls of identify
 D - 2 scrolls of fog
 F - 2 scrolls of teleportation
 L - 5 scrolls of remove curse
 R - 2 scrolls of magic mapping
 Y - a scroll of blinking
Potions
 e - 8 potions of curing
 f - 4 potions of might
 g - 3 potions of brilliance
 h - a potion of magic
 i - 5 potions of resistance
 A - a potion of haste
 C - 2 potions of berserk rage
 O - 4 potions of agility
Miscellaneous
 I - an ornate deck of wonders {Placid Magic}
Comestibles
 c - 29 fruits
 d - 11 chunks of flesh


   Skills:
 - Level 10.1 Fighting
 - Level 18.7 Maces & Flails
 - Level 8.7 Throwing
 - Level 0.5 Armour
 + Level 1.9 Dodging
 * Level 2.4 Shields
 - Level 6.0 Spellcasting
 - Level 2.4 Conjurations
 - Level 3.1 Hexes
 - Level 6.5 Charms
 - Level 3.4 Necromancy
 - Level 3.2 Air Magic
 - Level 2.3 Poison Magic
 - Level 3.1 Invocations
 + Level 10.9 Evocations


You had 4 spell levels left.
You knew the following spells:

 Your Spells              Type           Power        Failure   Level  Hunger
a - Infusion              Chrm           ####..       1%          1    None
c - Repel Missiles        Chrm/Air       ###...       2%          2    None
d - Swiftness             Chrm/Air       ###.....     2%          2    None
e - Regeneration          Chrm/Necr      ###.......   8%          3    ##.....
f - Flight                Chrm/Air       ###.......   8%          3    ##.....
g - Song of Slaying       Chrm           ####....     1%          2    None
h - Conjure Flame         Conj/Fire      #.......     24%         3    ##.....
m - Mephitic Cloud        Conj/Pois/Air  ##......     14%         3    ##.....
x - Animate Skeleton      Necr           N/A          3%          1    None
z - Spectral Weapon       Hex/Chrm       ###.....     8%          3    ##.....


Dungeon Overview and Level Annotations

Branches:
Dungeon (15/15)            Temple (1/1) D:4            Lair (8/8) D:10
 Shoals (0/5) Lair:5        Snake (0/5) Lair:6        Slime (0/6) Lair:6
    Orc (4/4) D:9             Elf (0/3) Orc:4        Vaults (0/5) D:13
 Depths (1/5) D:15

Altars:
Ashenzari
Cheibriados
Dithmenos
Elyvilon
Fedhas
Gozag
Kikubaaqudgha
Makhleb
Nemelex Xobeh
Okawaru
Qazlal
Ru
Sif Muna
Trog
Vehumet
Xom
Yredelemnul
Zin
The Shining One

Shops:
D:5 (   D:12 [   D:13 [   Orc:1 %   Orc:4 *?[?

Annotations:
D:13 Erolcha


Innate Abilities, Weirdness & Mutations

You are too large for most types of armour.
You have very sharp fingernails.
You have very sharp teeth.
You are robust (+10% HP).
Your thick and shaggy fur keeps you warm (AC +3, rC+).
Your hind legs have very sharp claws.
You can berserk when greatly wounded.
You are surrounded by a mild repulsion field (EV +2).
Your natural rate of healing is unusually fast.


Message History

You hear an indistinct dissonance whispering inside your mind.
Your surroundings suddenly seem different.
Unknown command.
The yaktaur captain wields an uncursed arbalest.
The yaktaur captain shoots a bolt.
The bolt hits you!!
* * * LOW HITPOINT WARNING * * *
Unknown command.
Unknown command.
Drink which item? (? for menu, Esc to quit)
You feel much better.
Unknown command.
Unknown command.
Drink which item? (? for menu, Esc to quit)
You fade into invisibility!
The yaktaur captain shoots a bolt.
The bolt is repelled.
Unknown command.
Unknown command.
Unknown command.
The yaktaur captain shoots a bolt.
The bolt hits you!!!
You die...

## .# #### ####.## #..#
#..@..# ###J#####.####
###...# #......#
##.##.J###.)....#
...##.#..)[)...#
#.##Jc#c#.##....#
#####..#.cJc#..#########
#....(.#....#..........#
#...c..#.(..#.......#....#


You could see a yaktaur captain and a yaktaur.

Vanquished Creatures
  The ghost of araganzar the Bludgeoner, a powerful BeSk of Okawaru (D:15)
  The ghost of araganzar the Brawler, a powerful BeAr of Okawaru (Lair:7)
  The ghost of heteroy the Brawler, a powerful BeMo of Qazlal (Lair:7)
  A fire dragon (D:15)
  A vault guard (D:13)
  An ice dragon (D:15)
  Fannar (Lair:3)
  Harold (Lair:1)
  7 hydras
  2 ogre magi
  5 centaur warriors
  5 tengu warriors
  5 orc high priests
  A catoblepas (Lair:6)
  Nergalle (D:11)
  5 skeletal warriors
  8 hill giants
  3 ice statues (IceCv)
  A harpy (shapeshifter) (D:13)
  3 unseen horrors
  A water nymph (Lair:5)
  A wizard (Depths:1)
  12 ugly things
  4 cyclopes
  4 manticores
  5 griffons
  An orc sorcerer (Orc:4)
  A moth of wrath (shapeshifter) (D:15)
  A centaur zombie (D:13)
  7 elephants
  13 black mambas
  An orange crystal statue (D:14)
  17 fire drakes
  Psyche (Orc:1)
  2 gargoyles
  A kobold demonologist (D:11)
  A queen ant (Lair:4)
  11 spiny frogs
  A tengu conjurer (D:15)
  10 komodo dragons
  2 efreet
  6 polar bears (Lair:8)
  A spriggan druid (Lair:8)
  10 two-headed ogres
  5 trolls
  8 ravens
  8 blink frogs
  8 wyverns
  9 basilisks
  A shadow (D:13)
  2 redbacks (Lair:8)
  A vampire (D:15)
  7 deep elf magi
  7 vampire mosquitoes
  8 spriggans
  4 wraiths
  17 hippogriffs
  41 yaks
  A deep elf fighter (D:15)
  Grum (D:13)
  2 steam dragons
  2 hungry ghosts
  15 soldier ants
  Edmund (D:7)
  31 wolves
  20 water moccasins
  A hell hound (Lair:6)
  A mottled dragon (D:15)
  8 porcupines
  23 orc warriors
  9 black bears
  37 ice beasts
  2 eyes of draining (D:13)
  3 phantoms
  A wasp (Lair:8)
  6 sky beasts
  27 ogres
  11 crocodiles
  2 boring beetles (Lair:8)
  A big kobold (D:14)
  Duvessa (D:7)
  20 giant frogs
  21 centaurs
  A water moccasin zombie (D:12)
  6 scorpions
  17 killer bees
  4 wights (D:7)
  3 goliath beetles
  6 crimson imps
  Dowan (D:7)
  An electric eel (Lair:5)
  A giant frog zombie (D:5)
  2 quasits (D:11)
  36 orc priests
  14 hounds
  Crazy Yiuf (D:7)
  2 centaur skeletons
  3 jellies
  14 iguanas
  38 orc wizards
  41 worker ants
  A killer bee zombie (D:9)
  27 sheep
  Ijyb (D:3)
  3 hound skeletons
  A hound zombie (D:7)
  44 river rats
  5 shadow imps
  26 adders
  2 giant mites
  2 worms (D:4)
  2 adder skeletons
  7 giant geckos
  5 oozes
  137 orcs
  6 giant cockroaches
  38 goblins
  18 hobgoblins
  19 kobolds
  14 quokkas
  5 ball pythons
  20 bats
  A giant gecko skeleton (D:7)
  5 giant newts
  A quokka skeleton (D:4)
  17 rats
  A ballistomycete (D:8)
  5 fungi
  2 plants
1147 creatures vanquished.

Vanquished Creatures (collateral kills)
  2 hydras
  An ogre mage (Orc:3)
  A spriggan (Lair:8)
  An orb spider (shapeshifter) (D:14)
  2 ugly things (D:15)
  A griffon (Lair:3)
  A black mamba (Lair:6)
  A spiny frog (Lair:6)
  2 centaur skeletons (D:15)
  2 fire drakes (Lair:6)
  A blink frog (Lair:3)
  A boulder beetle (Lair:8)
  4 ravens
  2 redbacks (Lair:8)
  A basilisk (Lair:6)
  2 centaurs
  3 wyverns (Lair:6)
  6 yaks
  3 hippogriffs
  6 wolves
  An orc warrior (Orc:4)
  3 porcupines
  A water moccasin (Lair:5)
  2 wasps (Lair:8)
  2 black bears (Lair:8)
  An eye of draining (shapeshifter) (D:14)
  2 crocodiles
  3 ogres (Orc:3)
  An elephant skeleton (Lair:6)
  A giant frog (D:14)
  A wyvern skeleton (D:14)
  A crimson imp (D:15)
  8 orc priests (Orc:4)
  3 orc wizards (Orc:4)
  2 hounds
  A jelly (Lair:6)
  A sheep (Lair:6)
  2 river rats (Lair:5)
  3 adders (Lair:6)
  An ooze (Lair:6)
  19 orcs
  A ball python (Lair:6)
  2 hobgoblins (Orc:4)
  5 quokkas
  A goblin (Orc:3)
  A kobold (D:14)
  An orc skeleton (D:14)
  A butterfly (Lair:8)
  2 fungi
  A plant (Lair:7)
117 creatures vanquished.

Vanquished Creatures (others)
  30 spectral weapons
  A manticore (Lair:6)
  7 ugly thing skeletons
  A hydra skeleton (Lair:6)
  2 griffon skeletons
  5 black mamba skeletons
  A hill giant skeleton (D:15)
  A porcupine (Lair:6)
  2 spiny frog skeletons
  A human skeleton (Depths:1)
  2 raven skeletons (D:14)
  A water moccasin (Lair:6)
  A wasp (Orc:4)
  3 elephant skeletons
  5 fire drake skeletons
  A komodo dragon skeleton (Lair:8)
  A cyclops skeleton (D:15)
  2 wyvern skeletons
  6 water moccasin skeletons
  A tengu skeleton (D:15)
  3 spriggan skeletons (Lair:8)
  A troll skeleton (Orc:3)
  14 yak skeletons
  A hippogriff skeleton (Lair:4)
  6 wolf skeletons
  2 giant frog skeletons
  2 basilisk skeletons
  3 centaur skeletons (D:15)
  An elf skeleton (D:15)
  An orc priest (D:14)
  A two-headed ogre skeleton (Depths:1)
  A black bear skeleton (Lair:8)
  2 worker ants (Lair:1)
  A porcupine skeleton (Lair:5)
  3 crocodile skeletons
  A mottled dragon skeleton (D:15)
  3 ogre skeletons
  2 hound skeletons
  An adder (Lair:6)
  2 adder skeletons (Lair:8)
  4 sheep skeletons
  A ball python skeleton (Lair:6)
  A giant spore (D:8)
  31 orc skeletons
  3 river rat skeletons
  A butterfly (Orc:4)
  15 fungi
  5 plants
186 creatures vanquished.

Grand Total: 1450 creatures vanquished

Notes
Turn   | Place    | Note
--------------------------------------------------------------
     0 | D:1      | araganzar, the Bearkin Skald, began the quest for the Orb.
     0 | D:1      | Reached XP level 1. HP: 16/16 MP: 3/3
   230 | D:1      | Reached XP level 2. HP: 12/22 MP: 1/4
   387 | D:1      | Learned a level 2 spell: Shroud of Golubria
   390 | D:1      | Learned a level 2 spell: Song of Slaying
  1129 | D:1      | Reached skill level 3 in Charms
  1217 | D:1      | Reached XP level 3. HP: 23/27 MP: 6/6
  2265 | D:2      | Found a sparkling altar of Nemelex Xobeh.
  2398 | D:4      | Noticed a scorpion
  2401 | D:4      | Gained mutation: You have very sharp fingernails. [bearkin transformation]
  2401 | D:4      | Reached XP level 4. HP: 33/33 MP: 2/8
  2408 | D:4      | Killed a scorpion
  2525 | D:4      | Reached skill level 4 in Maces & Flails
  2555 | D:4      | Reached XP level 5. HP: 34/38 MP: 10/10
  2566 | D:4      | Learned a level 3 spell: Spectral Weapon
  2577 | D:4      | Found a bloodstained altar of Trog.
  2616 | D:4      | Found a staircase to the Ecumenical Temple.
  2628 | Temple   | Entered the Ecumenical Temple
  2689 | Temple   | Became a worshipper of Warmaster Okawaru
  3346 | D:4      | Got an uncursed encrusted falchion {drain}
  3347 | D:4      | Identified the +8 falchion of Absolution {drain, MP+9 Str+3 SInv} (You took it off a kobold on level 4 of the Dungeon)
  3760 | D:3      | Noticed Ijyb
  3764 | D:3      | Killed Ijyb
  4098 | D:4      | Reached skill level 1 in Hexes
  4173 | D:4      | Gained mutation: You are covered in thick fur (AC +2). [bearkin transformation]
  4173 | D:4      | Reached XP level 6. HP: 39/44 MP: 12/12
  4313 | D:5      | Entered Level 5 of the Dungeon
  4412 | D:5      | Found an opulent altar of Gozag.
  4491 | D:5      | Found Manwaxzuhi's Weapon Emporium.
  4545 | D:5      | Reached skill level 5 in Maces & Flails
  4666 | D:5      | Found a white marble altar of Elyvilon.
  5361 | D:5      | Acquired Okawaru's first power
  5361 | D:5      | Reached XP level 7. HP: 20/50 MP: 15/15
  5647 | D:5      | Reached skill level 6 in Maces & Flails
  5777 | D:6      | Found a sacrificial altar of Ru.
  6015 | D:6      | Learned a level 3 spell: Regeneration
  6343 | D:5      | Bought a +2 eveningstar of protection for 360 gold pieces
  6562 | D:6      | Reached skill level 7 in Maces & Flails
  6562 | D:6      | Gained mutation: Your hind legs have sharp claws. [bearkin transformation]
  6562 | D:6      | Reached XP level 8. HP: 19/56 MP: 18/18
  6724 | D:6      | Found a deep blue altar of Sif Muna.
  7023 | D:7      | Noticed Duvessa
  7033 | D:7      | Noticed Dowan
  7035 | D:7      | Killed Duvessa
  7038 | D:7      | Killed Dowan
  7038 | D:7      | Reached skill level 1 in Invocations
  7640 | D:7      | Reached skill level 8 in Maces & Flails
  7820 | D:7      | Noticed Crazy Yiuf
  7833 | D:7      | Killed Crazy Yiuf
  7945 | D:7      | Noticed Edmund
  7950 | D:7      | Killed Edmund
  7950 | D:7      | Reached skill level 5 in Charms
  7950 | D:7      | Gained mutation: You are robust (+10% HP). [bearkin transformation]
  7950 | D:7      | Reached XP level 9. HP: 39/67 MP: 20/20
  8322 | D:8      | Gained mutation: You are surrounded by a mild repulsion field (EV +2). [potion of beneficial mutation]
  8587 | D:8      | Reached skill level 9 in Maces & Flails
  9691 | D:8      | Reached skill level 5 in Spellcasting
  9833 | D:8      | Learned a level 3 spell: Flight
 10027 | D:8      | Reached skill level 10 in Maces & Flails
 10227 | D:9      | Found a basalt altar of Yredelemnul.
 10330 | D:9      | Found a stormy altar of Qazlal.
 10352 | D:9      | Found a staircase to the Orcish Mines.
 10471 | D:9      | Found a shimmering altar of Xom.
 10471 | D:9      | Found a radiant altar of Vehumet.
 10472 | D:9      | Found a shadowy altar of Dithmenos.
 10634 | D:9      | Reached XP level 10. HP: 54/73 MP: 23/23
 11136 | D:10     | Entered Level 10 of the Dungeon
 11309 | D:10     | Identified a cursed +0 rod of clouds (12/12) (You found it on level 10 of the Dungeon)
 11332 | D:10     | Reached skill level 1 in Evocations
 11338 | D:10     | Reached skill level 11 in Maces & Flails
 11396 | D:10     | Found a staircase to the Lair.
 11456 | D:10     | Beorc: in 4 more levels you lose that 19 ac 17 ev
 11461 | D:10     | Noticed a cyclops
 11476 | D:10     | Killed a cyclops
 11479 | D:10     | araganzar: but I can throw these rocks
 11487 | D:10     | Beorc: that's true
 11491 | D:10     | Beorc: and use the biggest club
 11586 | D:10     | Acquired Okawaru's second power
 11601 | D:10     | Beorc: harvest his leather
 11651 | D:10     | Learned a level 1 spell: Animate Skeleton
 11901 | D:10     | Reached skill level 12 in Maces & Flails
 12054 | D:11     | Noticed an ogre mage
 12062 | D:11     | Noticed a centaur warrior
 12068 | D:11     | Noticed a manticore
 12434 | D:11     | araganzar: what horses hit
 12434 | D:11     | Beorc: that was a fucked up vault or some shit
 12435 | D:11     | Beorc: sorry man
 12437 | D:11     | Beorc: can try and blink around corner
 12441 | D:11     | Killed an ogre mage
 12608 | D:11     | Beorc: IT WORKED
 12612 | D:11     | Killed a centaur warrior
 12612 | D:11     | Reached XP level 11. HP: 43/79 MP: 25/25
 12614 | D:11     | Beorc: cornered saved you
 12615 | D:11     | araganzar: i quaffed berserk
 12751 | D:11     | Beorc: were you even cornered
 12829 | D:11     | araganzar: man rpois and an oka gift and I migh tbe ok
 12882 | D:11     | Noticed Nergalle
 12883 | D:11     | araganzar: FUCKING A
 12889 | D:11     | Killed Nergalle
 12892 | D:11     | Beorc: yeah
 12934 | D:11     | Beorc: can blow through her before she deaths doors
 13003 | D:11     | Noticed a hill giant
 13154 | D:9      | Reached skill level 13 in Maces & Flails
 13163 | D:9      | Beorc: that gecko fucked you up
 13430 | D:10     | Received a gift from Okawaru
 13543 | D:11     | Killed a manticore
 13543 | D:11     | Reached skill level 5 in Evocations
 13747 | D:11     | Reached skill level 1 in Necromancy
 13775 | D:11     | Identified a +4 rod of the swarm (9/9) (You found it on level 11 of the Dungeon)
 14095 | D:11     | Killed a hill giant
 14421 | D:11     | Killed an unseen horror
 14734 | D:12     | Found a frozen archway.
 14780 | IceCv    | Entered an ice cave
 14988 | IceCv    | Noticed an ice statue
 14988 | IceCv    | Noticed an ice statue
 14988 | IceCv    | Noticed an ice statue
 15382 | IceCv    | Killed an ice statue
 16073 | IceCv    | Killed an ice statue
 16103 | IceCv    | Killed an ice statue
 16103 | IceCv    | Reached skill level 14 in Maces & Flails
 16380 | D:12     | Got a polished cloak
 16391 | D:12     | Identified the +1 cloak of the Empire {+Fly rPois- rC+ Int+4 Dex-3} (You found it on level 12 of the Dungeon)
 16391 | D:12     | araganzar: fucking a
 16391 | D:12     | araganzar: rpois- is still a thing?
 16407 | D:12     | Noticed a centaur warrior
 16411 | D:12     | Gained mutation: Your thick and shaggy fur keeps you warm (AC +3, rC+). [bearkin transformation]
 16411 | D:12     | Gained mutation: You have very sharp teeth. [bearkin transformation]
 16411 | D:12     | Reached XP level 12. HP: 73/85 MP: 24/25
 16418 | D:12     | Killed a centaur warrior
 16757 | D:12     | Noticed a skeletal warrior
 16757 | D:12     | Noticed a skeletal warrior
 16935 | D:12     | Found Qeipt's Armour Boutique.
 16940 | D:12     | Bought the +0 cloak of the Invisible Hand {rC+ MR+} for 289 gold pieces
 16998 | D:12     | Noticed a skeletal warrior
 17059 | D:12     | Noticed a skeletal warrior
 17086 | D:12     | Killed a skeletal warrior
 17392 | D:12     | Killed a skeletal warrior
 17712 | D:13     | Noticed Grum
 17723 | D:13     | Killed Grum
 17970 | D:13     | Found Ujeajire's Armour Boutique.
 18074 | D:13     | Noticed a centaur warrior
 18075 | D:13     | Noticed Erolcha
 18254 | D:13     | Killed a centaur warrior
 18254 | D:13     | Reached skill level 15 in Maces & Flails
 18254 | D:13     | Reached skill level 1 in Throwing
 18548 | D:10     | Noticed a hill giant
 18561 | D:10     | Killed a hill giant
 18584 | D:10     | Learned a level 3 spell: Vampiric Draining
 18585 | Lair:1   | Entered Level 1 of the Lair of Beasts
 18634 | Lair:1   | Noticed a seven-headed hydra
 18789 | Lair:1   | Gained mutation: Your natural rate of healing is unusually fast. [potion of beneficial mutation]
 18842 | Lair:1   | Killed a seven-headed hydra
 19110 | Lair:1   | Noticed Harold
 19121 | Lair:1   | Killed Harold
 19290 | Lair:1   | Reached skill level 5 in Fighting
 19290 | Lair:1   | Reached XP level 13. HP: 98/100 MP: 22/26
 20297 | Lair:2   | Got a pair of polished gloves
 20308 | Lair:2   | Identified the cursed -4 pair of gloves of Wophesua {+Inv Int+4 Slay-5} (You found it on level 2 of the Lair of Beasts)
 21154 | Lair:3   | Received a gift from Okawaru
 21555 | Lair:3   | Noticed Fannar
 21568 | Lair:3   | Killed Fannar
 21713 | Lair:3   | Received a gift from Okawaru
 21810 | Lair:3   | Reached skill level 16 in Maces & Flails
 22274 | Lair:4   | Identified a +0 rod of clouds (11/11) (You found it on level 4 of the Lair of Beasts)
 23839 | Lair:5   | Received a gift from Okawaru
 24086 | Lair:5   | Reached XP level 14. HP: 105/111 MP: 24/27
 24092 | Lair:5   | Reached skill level 5 in Throwing
 24478 | Lair:5   | Beorc: how's it going are you a hero
 24559 | Lair:5   | araganzar: no good gifts yet
 24559 | Lair:5   | araganzar: and I just lost my armour
 24559 | Lair:5   | Beorc: yeah I saw that
 24560 | Lair:5   | Beorc: also your resists arent good
 24560 | Lair:5   | araganzar: what is weird is I am still getting the benefits of my gloves etc
 24560 | Lair:5   | araganzar: so if you got great gear before XL14 you'd be good
 24560 | Lair:5   | araganzar: oh no wait
 24560 | Lair:5   | araganzar: my AC just dropped frmo 19 to 14
 24560 | Lair:5   | Beorc: yeah
 24560 | Lair:5   | Beorc: you lost 4 ac
 24567 | Lair:5   | araganzar: NOPE
 24567 | Lair:5   | araganzar: look at that
 24567 | Lair:5   | araganzar: I was getting 3AC from those gloves
 24567 | Lair:5   | araganzar: so bugged
 24567 | Lair:5   | araganzar: damn
 24567 | Lair:5   | araganzar: why did I take them off just to see
 24567 | Lair:5   | Beorc: woops
 24567 | Lair:5   | araganzar: so I lost 4AC for nothing?
 24577 | Lair:5   | Beorc: should have took something lese off
 24587 | Lair:5   | araganzar: fuck it
 24594 | Lair:5   | araganzar: was getting 2 ac frmo boots
 24594 | Lair:5   | araganzar: i'm not gonna cheat
 24594 | Lair:5   | araganzar: but that's dumb
 24594 | Lair:5   | araganzar: hit XL14, lose 10AC
 24594 | Lair:5   | Beorc: yeah
 24594 | Lair:5   | araganzar: how did I lose 5AC without takinga nything off
 24594 | Lair:5   | araganzar: just lost it
 24594 | Lair:5   | Beorc: and evade too since you are large
 24615 | Lair:5   | Found a staircase to the Shoals.
 24616 | Lair:5   | Beorc: you have heroism up too
 24938 | Lair:6   | Beorc: but hey you can throw large rocks now
 24955 | Lair:6   | Found a staircase to the Slime Pits.
 25024 | Lair:5   | Received a gift from Okawaru
 25070 | Lair:6   | Reached skill level 17 in Maces & Flails
 25140 | Lair:6   | Found a staircase to the Snake Pit.
 25181 | Lair:6   | Was placed under penance by Okawaru
 25236 | Lair:6   | araganzar: whoa how did I piss off oka
 25252 | Lair:6   | Beorc: hit your pet i'd guess
 25252 | Lair:6   | Beorc: yep
 25252 | Lair:6   | Beorc: there it is
 25252 | Lair:6   | araganzar: oh i missed with jav
 25447 | Lair:6   | Was forgiven by Okawaru
 25621 | Lair:6   | araganzar: no source of Rf
 25639 | Lair:6   | Received a gift from Okawaru
 25648 | Lair:6   | araganzar: and oka has given me ring mail and a croxxbow
 26215 | Lair:7   | Noticed araganzar's ghost (powerful BeAr)
 26235 | Lair:7   | Killed araganzar's ghost
 26328 | Lair:7   | Beorc: ooh a robe
 26329 | Lair:7   | Got a thick robe
 26348 | Lair:7   | Identified the +5 robe of Biagun {+Blink MP+9 Str-6} (You found it on level 7 of the Lair of Beasts)
 26348 | Lair:7   | araganzar: dang
 26348 | Lair:7   | araganzar: str-6
 26348 | Lair:7   | araganzar: but shit it's 5 AC
 26348 | Lair:7   | Beorc: yeah that ac
 26348 | Lair:7   | Beorc: 20 man
 26735 | Lair:7   | Identified a scroll of acquirement
 26735 | Lair:7   | araganzar: armor?
 26735 | Lair:7   | araganzar: what if it gives me boots
 26735 | Lair:7   | Beorc: dang that's tough
 26735 | Lair:7   | Beorc: but
 26736 | Lair:7   | Got a transparent cloak
 26747 | Lair:7   | Identified the +0 cloak of Grace {rN+} (You acquired it on level 7 of the Lair of Beasts)
 26775 | Lair:7   | Beorc: welp
 26800 | Lair:7   | Noticed heteroy's ghost (powerful BeMo)
 26810 | Lair:7   | Killed heteroy's ghost
 26842 | Lair:7   | araganzar: better, nicer
 26842 | Lair:7   | Beorc: there you go
 26971 | Lair:7   | Received a gift from Okawaru
 26988 | Lair:7   | Beorc: thx for the ammo
 27018 | Lair:7   | araganzar: hmmm
 27018 | Lair:7   | araganzar: look at large rock
 27042 | Lair:7   | araganzar: i need to test those
 27042 | Lair:7   | araganzar: maybe it's not doign damage
 27369 | Lair:8   | Entered Level 8 of the Lair of Beasts
 27811 | Lair:8   | Received a gift from Okawaru
 27930 | Lair:8   | araganzar: this is bad
 27930 | Lair:8   | Beorc: yeah was just thinking that
 27930 | Lair:8   | araganzar: no tport
 27930 | Lair:8   | araganzar: basically the worst possible tport
 27930 | Lair:8   | Beorc: put the ring on
 27940 | Lair:8   | araganzar: what ring
 27940 | Lair:8   | Beorc: teleport?
 27944 | Lair:8   | Beorc: also you are cornered so can zerk and run
 28143 | Lair:8   | araganzar: well once again
 28143 | Lair:8   | araganzar: gonna die waiting on oka to give me anything good
 28145 | Lair:8   | Beorc: that evade is just killing you
 28350 | Lair:8   | Received a gift from Okawaru
 28383 | Lair:8   | Reached skill level 10 in Evocations
 28383 | Lair:8   | Reached XP level 15. HP: 72/123 MP: 28/28
 28408 | Lair:8   | Reached skill level 18 in Maces & Flails
 28431 | Lair:8   | Received a gift from Okawaru
 28745 | Lair:8   | Beorc: this is the guy who des the tree thing I think
 28752 | Lair:8   | Beorc: hurts a lot
 28752 | Lair:8   | araganzar: yah
 28752 | Lair:8   | araganzar: amd can run faster than me
 29001 | Lair:8   | Received a gift from Okawaru
 29100 | Lair:8   | Beorc: oki will probably give you a triple sword
 29173 | Lair:8   | Beorc: that's what he did to me
 29456 | Lair:1   | Learned a level 3 spell: Mephitic Cloud
 29460 | Lair:1   | Learned a level 3 spell: Conjure Flame
 29460 | Lair:1   | araganzar: well I could have a +2 GSC
 29504 | Orc:1    | Entered Level 1 of the Orcish Mines
 30115 | Orc:1    | Found an iron altar of Okawaru.
 30120 | Orc:1    | Noticed Psyche
 30136 | Orc:1    | Killed Psyche
 30347 | Orc:1    | Found Situimo's Food Shop.
 30558 | Orc:3    | Reached skill level 1 in Poison Magic
 31388 | Orc:3    | Reached skill level 1 in Conjurations
 31972 | Orc:4    | Entered Level 4 of the Orcish Mines
 32229 | Orc:4    | Found a staircase to the Elven Halls.
 32565 | Orc:4    | Found Xuraax's Magic Scroll Boutique.
 32565 | Orc:4    | Found Thricrul's General Store.
 32892 | Orc:4    | Found Ynisot's Antique Armour Shop.
 32907 | Orc:4    | Found Gipaxe's Magic Scroll Shop.
 33104 | Orc:4    | Bought a scroll of teleportation for 39 gold pieces
 33104 | Orc:4    | Bought a scroll of identify for 26 gold pieces
 33104 | Orc:4    | Bought a scroll of identify for 26 gold pieces
 33104 | Orc:4    | Bought a scroll of identify for 26 gold pieces
 33104 | Orc:4    | Bought a scroll of magic mapping for 45 gold pieces
 33105 | Orc:4    | Bought a scroll of enchant armour for 82 gold pieces
 33105 | Orc:4    | Bought a scroll of fear for 38 gold pieces
 33105 | Orc:4    | Bought a scroll of recharging for 104 gold pieces
 33105 | Orc:4    | Bought a scroll of identify for 22 gold pieces
 33113 | Orc:4    | Bought a scroll of identify for 22 gold pieces
 33113 | Orc:4    | Bought a scroll of identify for 22 gold pieces
 33113 | Orc:4    | Bought a scroll of identify for 22 gold pieces
 33114 | Orc:4    | Bought a scroll of teleportation for 39 gold pieces
 33114 | Orc:4    | Bought an uncursed ring of see invisible for 195 gold pieces
 33114 | Orc:4    | Bought a potion of might for 52 gold pieces
 33114 | Orc:4    | araganzar: not a helpful orc ;(
 33114 | Orc:4    | Bought 2 potions of resistance for 260 gold pieces
 33114 | Orc:4    | Beorc: lots of scrolls
 33115 | Orc:4    | Bought a fine robe for 199 gold pieces
 33115 | Orc:4    | Beorc: anything good from oki yet?
 33125 | Orc:4    | Identified the +2 robe "Mesodec" {+Fly rN- MP+9 Str-3 Stlth+} (You bought it in a shop on level 4 of the Orcish Mines)
 33137 | Orc:4    | Beorc: he's being cheap
 33139 | Orc:4    | Bought 3 scrolls of identify for 66 gold pieces
 33139 | Orc:4    | Bought a scroll of identify for 22 gold pieces
 33145 | Orc:4    | Bought a scroll of teleportation for 39 gold pieces
 33145 | Orc:4    | Bought a fruit for 19 gold pieces
 33507 | D:12     | Received a gift from Okawaru
 33508 | D:12     | Got a transparent shield {god gift}
 33509 | D:12     | Identified the +5 shield "Hinicvett" {Stlth++} (Okawaru gifted it to you on level 12 of the Dungeon)
 33802 | D:13     | Reached skill level 1 in Air Magic
 33944 | D:13     | Reached skill level 1 in Shields
 34001 | D:13     | Noticed a vault guard
 34016 | D:13     | Killed a vault guard
 34047 | D:13     | Found a gate to the Vaults.
 34568 | D:14     | Got an iridescent dagger
 34569 | D:14     | Identified the +7 dagger of Spite {pierce, SInv} (You found it on level 14 of the Dungeon)
 34824 | D:14     | Learned a level 2 spell: Swiftness
 34940 | Lair:1   | Learned a level 2 spell: Repel Missiles
 35439 | D:15     | Entered Level 15 of the Dungeon
 35632 | D:15     | Noticed araganzar's ghost (powerful BeSk)
 35646 | D:15     | Killed araganzar's ghost
 35827 | D:15     | Found a snail-covered altar of Cheibriados.
 35850 | D:15     | Gained mutation: Your hind legs have very sharp claws. [bearkin transformation]
 35850 | D:15     | Reached XP level 16. HP: 119/134 MP: 29/29
 36330 | D:15     | Reached skill level 10 in Fighting
 36353 | D:15     | Found a staircase to the Depths.
 36520 | D:15     | Received a gift from Okawaru
 36536 | D:15     | Got a spiked cloak {god gift}
 36547 | D:15     | Identified the +0 cloak "Papeirua" {rN+ Str+2 Dex-4} (Okawaru gifted it to you on level 15 of the Dungeon)
 37080 | Depths:1 | Entered Level 1 of the Depths
 37096 | Depths:1 | Reached skill level 1 in Dodging
 37336 | Depths:1 | HP: 4/134 [yaktaur captain/bolt (27)]
 37340 | Depths:1 | Shot with a bolt by a yaktaur captain

Action                   |  1- 3 |  4- 6 |  7- 9 | 10-12 | 13-15 | 16-18 || total
-------------------------+-------+-------+-------+-------+-------+-------++-------
Melee: Mace              |   144 |    72 |       |       |       |       ||   216
       Falchion          |       |    78 |   167 |       |       |       ||   245
       Eveningstar       |       |       |   178 |   663 |  1663 |   121 ||  2625
 Fire: Blowgun           |       |     6 |    11 |       |       |       ||    17
Throw: Tomahawk          |       |       |       |     7 |     1 |       ||     8
       Large rock        |       |       |       |       |    44 |    12 ||    56
       Javelin           |       |       |       |       |    14 |       ||    14
       Throwing net      |       |       |       |       |     1 |       ||     1
 Cast: Infusion          |     7 |     2 |       |     3 |     3 |       ||    15
       Song of Slaying   |     2 |     1 |     2 |    10 |    24 |     1 ||    40
       Shroud of Golubri |     2 |       |     1 |    11 |    21 |       ||    35
       Spectral Weapon   |       |     1 |    38 |    83 |   168 |    14 ||   304
       Regeneration      |       |       |     1 |     9 |    23 |     2 ||    35
       Animate Skeleton  |       |       |       |     3 |   185 |    19 ||   207
       Flight            |       |       |       |       |     2 |       ||     2
       Repel Missiles    |       |       |       |       |     2 |     1 ||     3
       Mephitic Cloud    |       |       |       |       |     1 |       ||     1
Invok: Heroism           |       |       |     1 |    12 |     9 |     2 ||    24
 Abil: Cornered Berserk  |       |     1 |       |       |       |       ||     1
       Evoke Teleportati |       |       |       |       |     1 |       ||     1
Evoke: Rod               |       |       |       |     8 |     8 |     3 ||    19
       Wand              |       |       |       |       |     5 |       ||     5
  Use: Scroll            |     8 |     7 |     6 |    12 |    22 |     2 ||    57
       Potion            |       |       |     2 |     8 |     9 |     3 ||    22
 Stab: Distracted        |       |       |     1 |     3 |    19 |     2 ||    25
       Sleeping          |       |       |     1 |       |     2 |       ||     3
  Eat: Chunk             |     5 |     9 |    20 |    19 |    69 |     4 ||   126
       Beef jerky        |       |     1 |       |       |       |       ||     1
       Pizza             |       |       |     1 |     1 |     1 |       ||     3
       Meat ration       |       |       |       |     2 |       |       ||     2
       Royal jelly       |       |       |       |     1 |       |       ||     1
       Bread ration      |       |       |       |     2 |       |       ||     2
       Fruit             |       |       |       |       |     2 |     2 ||     4
